AoeStats
← |GaoeG| flamingo

Glade

503574589Analyzed
1v1 RM · 1mo ago on Sep 1, 2026· 39m 22s· 2 players
Game mode
Random Map
Map size
Tiny (2 player)
Population
200
Speed
Normal
Resources
Standard
Victory
Conquest
Starting age
Dark Age
Ending age
Imperial Age
RankedLock teamsTeams togetherTeam positionsShared explorationLock speedFull tech treeHidden civsTurbo modeCheats
Victory
Defeat
🇨🇳 Teutons · China
1453
+14
🇪🇸 Berbers · Spain
1406
-14
|GaoeG| flamingo
9:31 Feudal Age
10:48 Loom
14:58 Double-Bit Axe
16:21 Fletching
17:57 Horse Collar
21:01 Castle Age
19:58 Padded Archer Armor
20:02 Gold Mining
23:35 Bow Saw
23:29 Heavy Plow
24:22 Bloodlines
30:16 Imperial Age
30:21 Bodkin Arrow
31:43 Leather Archer Armor
33:30 Chemistry
33:17 Ballistics
33:33 Wheelbarrow
34:48 Husbandry
35:23 Bracer
38:19 Ring Archer Armor
极地沙尘暴
6:48 Loom
9:05 Feudal Age
9:34 Double-Bit Axe
14:15 Horse Collar
16:34 Fletching
19:45 Wheelbarrow
22:37 Castle Age
22:45 Padded Archer Armor
24:28 Bow Saw
28:41 Imperial Age
26:38 Gold Mining
27:15 Bodkin Arrow
29:04 Elite Skirmisher
30:55 Chemistry
31:45 Hand Cart
33:36 Ballistics
35:06 Conscription
35:15 Scale Barding Armor
35:21 Forging
37:22 Bloodlines
36:34 Cavalier
38:16 Scale Mail Armor
Connection lost

Rejoining the realm…

Still unreachable

The connection could not be restored.

Session expired

The server has moved on; the page needs a fresh start.